 Seeded DCSS version 0.29.1-15-g9cfb28693d (webtiles) character file.

Game seed: 2128346139290519484 (custom seed)

62 Gelion the Covered (level 3, 0/33 HPs)
             Began as a Minotaur Fighter on Mar 28, 2023.
             Slain by a gnoll
             ... wielding a +0 flail
              (8 damage)
             ... on level 2 of the Dungeon.
             The game lasted 00:01:52 (1002 turns).

Gelion the Covered (Minotaur Fighter)               Turns: 1002, Time: 00:01:52

Health: 0/33       AC:  7    Str: 20    XL:     3   Next: 85%
Magic:  2/2        EV:  9    Int:  5    God:
Gold:   140        SH:  4    Dex: 11    Spells: 2/2 levels left

rFire   . . .      SeeInvis .   a - +0 trident
rCold   . . .      Faith    .   c - +0 buckler
rNeg    . . .      Spirit   .   b - +0 scale mail
rPois   .          Reflect  .   (helmet restricted)
rElec   .          Harm     .   (no cloak)
rCorr   .          Rampage  .   (no gloves)
Will    .....                   (no boots)
Stlth   ..........              (no amulet)
HPRegen 0.11/turn               (no ring)
MPRegen 0.08/turn               (no ring)

@: no status effects
A: horns 2, retaliatory headbutt
a: no special abilities


You were on level 2 of the Dungeon.
You visited 1 branch of the dungeon, and saw 2 of its levels.

You collected 140 gold pieces.

Inventory:

Hand Weapons
 a - a +0 trident (weapon)
Armour
 b - a +0 scale mail (worn)
 c - a +0 buckler (worn)
Scrolls
 g - a scroll of noise {unknown}
 h - a scroll of magic mapping {unknown}
 j - a scroll of fear {unknown}
 l - a scroll of enchant weapon {unknown}
 m - a scroll of identify {unknown}
Potions
 d - 5 potions of might
 e - 2 potions of invisibility {unknown}
 f - a potion of cancellation {unknown}
 i - 3 potions of degeneration {unknown}
 k - a potion of ambrosia {unknown}


   Skills:
 + Level 4.1 Fighting
 * Level 3.7 Polearms
 + Level 4.2 Armour
 + Level 4.1 Shields


You had 2 spell levels left.
You didn't know any spells.
Your spell library was empty.

Dungeon Overview and Level Annotations

Branches:
Dungeon (2/15)

Altars:
Vehumet

Shops:
D:2 (


Innate Abilities, Weirdness & Mutations

You have a pair of horns on your head.
You reflexively headbutt those who attack you in melee.


Message History

The gnoll closely misses you.
You reach to attack!
You hit the gnoll.
The gnoll is moderately wounded.
The gnoll hits you from afar with a +0 spear.
You reach to attack!
You barely miss the gnoll.
The gnoll is moderately wounded.
The gnoll hits you but does no damage.
You hit the frilled lizard.
You kill the frilled lizard!
The gnoll hits you but does no damage.
You reach to attack!
You barely miss the gnoll.
The gnoll is moderately wounded.
The gnoll misses you. The gnoll barely misses you.
You barely miss the gnoll. The gnoll hits you but does no damage.
The gnoll hits you with a +0 flail.
You hit the gnoll.
The gnoll is moderately wounded.
The gnoll hits you from afar with a +0 spear.
The gnoll hits you with a +0 flail!
You are too injured to fight recklessly!
You are too injured to fight recklessly!
You are too injured to fight recklessly!
The gnoll attacks as you move away! The gnoll closely misses you.
You are too injured to fight recklessly!
You block the gnoll's attack.
You are too injured to fight recklessly!
You puncture the gnoll!
The gnoll is almost dead.
The gnoll hits you with a +0 spear.
You hit the gnoll.
You kill the gnoll!
You barely miss the gnoll.
The gnoll is moderately wounded.
The gnoll barely misses you.
You hit the gnoll. Your headbutt misses the gnoll.
The gnoll is heavily wounded.
The gnoll hits you from afar with a +0 spear!
* * * LOW HITPOINT WARNING * * *
The gnoll completely misses you. The gnoll hits you with a +0 flail!
You die...

....##........ ..#
#####.#.# # #.# #
#.###. #.#.#.# #.#
## .#.#.# ##. #.
..g. #.#.#.# #
##†#####.#.....
....#######.....#.#
#..##
#.....@gg..##..#
##.##
#########......##
##.. #.......#
##.#.
#..._...###....
##.......#...##
#......#.#..##
#..###.###..##
##.###......##
#...######.##


You could see 2 gnolls.

Vanquished Creatures
  A gnoll (D:2)
  2 adders (D:2)
  2 dart slugs (D:1)
  A ball python (D:1)
  2 bats (D:1)
  4 endoplasms
  2 giant cockroaches (D:1)
  3 goblins (D:1)
  3 hobgoblins
  2 kobolds (D:1)
  2 quokkas
  2 frilled lizards
  5 rats
31 creatures vanquished.

Notes
Turn   | Place    | Note
-------+----------+-------------------------------------------
     0 | D:1      | Gelion the Minotaur Fighter began the quest for the Orb.
     0 | D:1      | Reached XP level 1. HP: 19/19 MP: 0/0
    80 | D:1      | Reached XP level 2. HP: 27/27 MP: 1/1
   382 | D:1      | Found a faded altar of an unknown god.
   674 | D:1      | Reached XP level 3. HP: 33/33 MP: 2/2
   857 | D:2      | Found Gunuriz's Weapon Boutique.
   975 | D:2      | Found a radiant altar of Vehumet.
  1002 | D:2      | Slain by a gnoll

Illustrated notes

Levels and vault maps discovered:
D:1:      minmay_arrival_arboretum_large, layout_basic,
          nicolae_ecumenical_lake_church, nrook_mini_vaults,
          hangedman_decor_lopped, chequers_serial_rivers_micro_b
D:2:      layout_loops_cross, serial_shops, shop_fountains, basic_altar,
          serial_bayou_pond_d

Skill      XL: |  1  2  3 |
---------------+----------+-----
Polearms       | 3 |  3.7
Armour         | 4 |  4.2
Fighting       | 4 |  4.1
Shields        | 4 |  4.1

Action                   || total
-------------------------++-------
Melee: Trident           ||    65
       Headbutt          ||    10
Armor: Scale mail        ||    16
Dodge: Dodged            ||    20
Block: Buckler           ||     9
